AoeStats
← 17_Neo_

Arena

505587291Analyzed
3v3 RM · 22d ago on Sep 10, 2026· 27m 0s· 6 players
Game mode
Random Map
Map size
Normal (6 player)
Population
200
Speed
Normal
Resources
Standard
Victory
Conquest
Starting age
Dark Age
Ending age
Imperial Age
RankedLock teamsTeams togetherTeam positionsShared explorationLock speedFull tech treeHidden civsTurbo modeCheats
Victory
Defeat
🇨🇴 Goths · Colombia
1392
+13
🇨🇴 Bohemians · Colombia
1271
+18
🇨🇴 Celts · Colombia
1250
+19
🇦🇺 Franks · Australia
1352
-18
🇲🇽 Dravidians · Mexico
1341
-18
🇲🇽 Portuguese · Mexico
1251
-14
Logan
11:32 Feudal Age
14:04 Wheelbarrow
13:22 Double-Bit Axe
16:54 Castle Age
15:55 Horse Collar
20:18 Loom
24:44 Bow Saw
17_Neo_
10:55 Feudal Age
11:55 Double-Bit Axe
14:48 Castle Age
12:33 Horse Collar
14:54 Wheelbarrow
16:37 Bow Saw
19:36 Heavy Plow
28:45 Imperial Age
26:06 Loom
26:37 Hand Cart
26:08 Town Watch
Mhao
10:28 Feudal Age
12:26 Loom
13:28 Loom
13:36 Double-Bit Axe
16:01 Castle Age
14:06 Double-Bit Axe
14:02 Horse Collar
14:43 Stone Mining
15:39 Gold Mining
17:35 Bow Saw
17:39 Loom
21:35 Heavy Plow
22:33 Town Watch
rubenciego
4:02 Loom
10:59 Feudal Age
15:01 Castle Age
12:51 Double-Bit Axe
23:17 Scale Mail Armor
24:16 Wheelbarrow
23:27 Town Watch
25:16 Chain Mail Armor
saulsegovianom
4:52 Loom
10:53 Feudal Age
15:06 Castle Age
16:20 Double-Bit Axe
24:51 Imperial Age
22:49 Gold Mining
24:14 Fletching
riZen
8:59 Loom
10:57 Feudal Age
15:36 Castle Age
13:23 Double-Bit Axe
14:18 Gold Mining
16:04 Wheelbarrow
17:36 Bow Saw
21:32 Stone Mining
23:08 Town Watch
23:58 Scale Barding Armor
25:25 Forging
26:07 Chain Barding Armor
Connection lost

Rejoining the realm…

Still unreachable

The connection could not be restored.

Session expired

The server has moved on; the page needs a fresh start.